[Event "Israel National League 2024"]
[Site "Israel"]
[Date "2024.03.08"]
[Round "11.2"]
[White "Aizenberg, Benny"]
[Black "Dvoirys, Semen I."]
[Result "1/2-1/2"]
[ECO "B81"]
[WhiteElo "2396"]
[BlackElo "2466"]
[Annotator "TA"]
[PlyCount "58"]
[EventDate "2024.01.07"]
[EventType "team-tourn"]
[EventCountry "ISR"]
[SourceTitle "playchess.com"]
[Source "ChessBase"]
[SourceQuality "1"]
[TimeControl "40/5400+30:1800+30"]

1. e4 c5 2. Nf3 d6 3. d4 cxd4 4. Nxd4 Nf6 5. Nc3 a6 6. h3 e6 7. g4 d5 8. Nde2 Bc5 9. Bg2 Qb6 10. O-O Nxe4 11. Nxe4 dxe4 12. Nc3 e3 13. Na4 exf2+ 14. Kh1 Qc7 15. Nxc5 Qxc5 16. Bf4 (16. Qf3 {simplifies} O-O 17. Qxf2 Qxf2 18. Rxf2 Nc6 19. b3) 16... e5 17. b4 Qc7 $17 18. Qe2 Nc6 (18... f6 {simplifies} 19. Rxf2 Be6 20. Be3 O-O) 19. Be3 O-O ({Reject} 19... Nxb4 20. Rab1 Qxc2 21. Bd2 $11) 20. Qxf2 Be6 (20... Nxb4 21. Bc5 Nc6 22. Bxf8 Kxf8 23. Be4 $11) (20... Nd4 $5 21. Bxd4 exd4 22. Qxd4 Be6 $17 (22... Qxc2 23. Rac1 $17)) 21. Bc5 Rfe8 22. Rad1 Bxa2 23. Be4 Ne7 ({Black should try} 23... a5 $17 24. Bb6 Qe7 25. bxa5 Nxa5) 24. Bd6 $11 Qd7 25. Bc5 {[%emt 0:08:40] This pair of bishops is nice.} Qc7 26. Bd6 $1 Qd7 27. Bc5 $1 Qc7 28. Bd6 $1 Qd7 29. Bc5 $1 Qc7 {[%emt 0:18:34] Weighted Error Value: White=0.08 (flawless) /Black=0.12 (very precise) .  Mistake:       	White=1     	Black=1      Inaccurate:     	White=1     	Black=1      OK:         	White=9     	Black=7      Best:        	White=2     	Black=1      Strong:       	White=4     	---} 1/2-1/2

[Event "Israel National League 2024"]
[Site "Israel"]
[Date "2024.03.08"]
[Round "11.6"]
[White "Solomon, Asif"]
[Black "Taichman, Ori"]
[Result "0-1"]
[ECO "E71"]
[WhiteElo "2242"]
[BlackElo "2307"]
[Annotator "TA"]
[PlyCount "80"]
[EventDate "2024.01.07"]
[EventType "team-tourn"]
[EventCountry "ISR"]
[SourceTitle "playchess.com"]
[Source "ChessBase"]
[SourceQuality "1"]
[TimeControl "40/5400+30:1800+30"]

1. d4 Nf6 2. c4 g6 3. Nc3 Bg7 4. e4 d6 5. h3 O-O 6. Be3 e5 7. d5 Na6 8. g4 Nc5 9. f3 a5 10. Qd2 {[%emt 0:01:34] Weiß steht etwas besser.} c6 11. h4 h5 (11... cxd5 $11 12. cxd5 h5) 12. g5 Ne8 (12... Nfd7 $14) 13. dxc6 $16 Ne6 14. cxb7 Bxb7 15. Nge2 a4 16. Rd1 a3 (16... Ba6 $16) 17. b4 f6 18. Bh3 Nd4 19. Nxd4 exd4 20. Bxd4 {[%emt 0:00:12] gxf6 ist eine echte Drohung.} fxg5 21. Be6+ (21. hxg5 Bxd4 22. Qxd4 Qxg5) (21. Qxg5 $18 Qxg5 22. Be6+ (22. hxg5 Rxf3 23. Be6+ Kh7 $18) 22... Kh7 23. hxg5) 21... Kh7 22. Bxg7 (22. hxg5 $16 {Qe3 wäre nun fies.} Bxd4 23. Qxd4 Qxg5 24. Ke2) 22... Nxg7 $11 23. Bd5 (23. Qxd6 $2 Qf6 $19 (23... gxh4 $2 24. Qxd8 Raxd8 25. Rxd8 $18) (23... gxh4 $2 24. Qxd8 Raxd8 25. Rxd8 $18)) 23... Bxd5 24. Nxd5 Ne6 25. Qe3 {[%emt 0:07:35] Und jetzt 0-0 wäre schön.} gxh4 26. f4 {[%emt 0:00:37] Pariert Qg5. Droht stark 0-0.} Rc8 27. Rg1 {[%emt 0:05:10][%cal Og1g6] Und Rxg6! würde nun gewinnen.} (27. Qxa3 Nxf4 28. Qa7+ Kh8 (28... Kh6 29. Qe3 $15) 29. Qd4+ Kh7 30. Qa7+ Kh6 $17) 27... h3 (27... Rxc4 28. f5 gxf5 29. exf5) 28. Qg3 $2 (28. Qxh3 $11 {und Weiss steht sicher.} Nxf4 29. Qg3) 28... Qe8 $19 29. c5 $2 {[%emt 0:09:28] [#]} (29. f5 Rxc4 30. Qd3) 29... Nxf4 $1 30. Nxf4 Qxe4+ 31. Ne2 Rce8 (31... dxc5 32. Rd7+ (32. Qxa3 $2 h2 $19) 32... Kg8 33. Qxg6+ (33. Qxh3 cxb4 34. Qb3+ Kh8 $15) 33... Qxg6 34. Rxg6+ Kh8 35. Rd5 $18 (35. Rh6+ Kg8 $18)) (31... Qxb4+ 32. Rd2 Rf6 (32... Rxc5 33. Qxg6+ Kh8 34. Qh6#) 33. Qxh3 $11) 32. Rd2 Qb1+ (32... Qxb4 33. Qxg6+ Kh8 34. Qxh5#) (32... Rf3 $142 33. Qxf3 Qxf3) 33. Rd1 Qxb4+ (33... Qxa2 34. Qxg6+ Kh8 35. Qxh5#) 34. Rd2 Qb1+ ({Schlechter ist} 34... Qxc5 35. Qxg6+ Kh8 36. Qh6#) 35. Rd1 Qe4 ({Nicht} 35... Qxa2 36. Qxg6+ Kh8 37. Qxh5#) 36. Rd2 Rf3 37. Qxd6 Qb1+ 38. Rd1 {[%emt 0:00:08] [#]} Rxe2+ $1 {[%emt 0:00:05][%mdl 512] Schwarz setzt Matt.} 39. Kxe2 Qe4+ 40. Kd2 Qe3+ {[%emt 0:00:06][%mdl 32768] Nie zu früh aufgeben!   Gewichteter Fehlerwert: Weiß=0.74/Schwarz=0.20 (präzise) .  Verlustzug:     	Weiß=1     	---        Fehler:       	Weiß=3     	Schwarz=3     Ungenau:       	Weiß=1     	---        OK:         	Weiß=9     	Schwarz=6     Bester:       	Weiß=1     	Schwarz=4     Brilliant:      	---       	Schwarz=1    . Zeitüberschreitung!?} 0-1

[Event "Israel National League 2024"]
[Site "Israel"]
[Date "2024.03.08"]
[Round "11.7"]
[White "Levin, Guy"]
[Black "Nabaty, Tamir"]
[Result "0-1"]
[ECO "A13"]
[WhiteElo "2435"]
[BlackElo "2646"]
[Annotator "TA"]
[PlyCount "104"]
[EventDate "2024.01.07"]
[EventType "team-tourn"]
[EventCountry "ISR"]
[SourceTitle "playchess.com"]
[Source "ChessBase"]
[SourceQuality "1"]
[TimeControl "40/5400+30:1800+30"]

1. Nf3 d5 2. e3 Nf6 3. c4 e6 4. b3 Bd6 5. Bb2 O-O 6. Nc3 {[%emt 0:00:27] A13: Reti-Eröffnung.} Re8 7. d4 b6 8. Qc2 Bb7 9. cxd5 $146 ({Predecessor:} 9. Bd3 Nbd7 10. cxd5 exd5 11. Nb5 Bb4+ 12. Bc3 Bf8 13. Bb2 Bb4+ 14. Nc3 Bd6 15. O-O {1-0 Cordova,E (2568)-Lin,A (2314) US Masters op 2023 (4)}) 9... exd5 10. g3 c5 11. Bg2 Nc6 12. O-O cxd4 13. Nxd4 Nxd4 14. exd4 Qd7 15. Rfe1 Re6 16. Rxe6 Qxe6 17. Nb5 Bf8 18. Qd2 Re8 19. a4 a6 20. Nc7 Qe2 21. Bc3 (21. Bc1 $1 $15 Qxd2 (21... Qe1+ 22. Bf1 $17) 22. Bxd2) 21... Re7 $17 22. Rc1 Qh5 23. Ba1 Qf5 (23... g6 $17 24. Qc3 Qf5) 24. b4 (24. Bb2 $11 {bleibt in der Remisbreite.}) 24... Ne4 $17 25. Qf4 Qxf4 26. gxf4 g6 27. Bf1 Nd2 28. b5 (28. Bxa6 $2 Nb3 29. Rc3 Bxa6 (29... Nxa1 30. Bxb7 Re1+ 31. Kg2 $16) (29... Nxd4 30. Kf1 $11) 30. Nxa6 Nxa1 $19) 28... a5 29. Bb2 Nxf1 (29... h5 $17 30. h3 Nb3) 30. Kxf1 $11 Re4 31. Na8 Bxa8 32. Rc8 Kg7 33. Rxa8 Bb4 34. Kg2 (34. Rc8 $15) 34... Rxf4 35. Bc1 Re4 $1 (35... Rxd4 $2 36. Bb2 Bc5 37. Rd8 $18 (37. Bxd4+ Bxd4 38. Rd8 Be5 $18)) 36. Rc8 Be7 (36... Rxd4 $2 37. Bb2 $18) 37. Rc6 Re6 (37... Rxd4 $2 38. Bb2 (38. Rxb6 $2 Rg4+ 39. Kf3 Rxa4 $19) 38... Bf6 39. Rxb6 (39. Rxf6 Rg4+ 40. Kf1 Kf8 $18) 39... Rxa4 (39... Rf4 $2 40. Rxf6 Rg4+ 41. Kf1 $18) 40. Bxf6+ Kh6 41. Ra6 $18) 38. Bf4 Bf6 $1 39. Be3 g5 40. Kf3 Kg6 41. Rc7 Be7 42. Rd7 Bd6 43. h3 (43. Rb7 $142 Bb4 (43... Bxh2 44. Kg2 $15) 44. h4) 43... h5 ({Besser ist} 43... f5 $1 {Und jetzt ...f4 wäre schön.} 44. Bc1 h6) 44. Bc1 {[%emt 0:09:39] [#]} f6 $1 45. Rd8 (45. Rb7 $17 {ist eine bessere Verteidigung.} Bb4 46. Rb8) 45... Kf5 $19 46. Rh8 (46. Kg2 $142) 46... Re1 $19 47. Be3 Rh1 48. Rxh5 $2 {[%emt 0:03:22] [#]} (48. Rd8 $19 Ke6 (48... Rxh3+ 49. Kg2 $11) 49. Kg2 Rh2+ 50. Kg1 Rxh3 51. Rc8) 48... Rxh3+ $1 49. Rxh3 g4+ 50. Kg2 gxh3+ 51. Kxh3 Bf4 52. Kg2 Ke4 0-1

[Event "Israel National League 2024"]
[Site "Israel"]
[Date "2024.03.08"]
[Round "11.8"]
[White "Roiz, Michael"]
[Black "Gorodetzky, David"]
[Result "1/2-1/2"]
[ECO "E06"]
[WhiteElo "2575"]
[BlackElo "2486"]
[Annotator "TA"]
[PlyCount "51"]
[EventDate "2024.01.07"]
[EventType "team-tourn"]
[EventCountry "ISR"]
[SourceTitle "playchess.com"]
[Source "ChessBase"]
[SourceQuality "1"]
[TimeControl "40/5400+30:1800+30"]

1. d4 Nf6 2. c4 e6 3. g3 d5 4. Bg2 Be7 5. Nf3 O-O 6. O-O a5 7. Bf4 dxc4 8. Qa4 Nd5 9. Qxc4 {[%emt 0:00:55] The position is equal.} Nxf4 10. gxf4 a4 11. a3 Ra5 12. Qc2 c5 13. dxc5 Qc7 14. e3 Rxc5 15. Qxa4 Bd7 16. Qb3 Rb5 17. Qc3 Nc6 18. Qd2 Qb6 19. b4 $16 ({Weaker is} 19. Qxd7 Rd5 $17 (19... Rxb2 $2 {too greedy.} 20. Qd1 $18) (19... Rxb2 $2 20. Qd1 $18)) 19... Rd5 20. Qc2 Rc8 {[%emt 0:01:41][%cal Oc6b4] [#] And now ...Nxb4! would win.} 21. Nc3 Rh5 22. Rac1 Ra8 (22... Be8 $16 23. Qe2 Qa7) 23. Rfd1 $18 Be8 24. b5 Na5 25. a4 ({White should try} 25. Ne5 $18) 25... Rc5 26. Qb1 {[%emt 0:12:32] Weighted Error Value: White=0.06 (flawless) /Black=0.13 (very precise) .  Mistake:       	White=1     	Black=2      Inaccurate:     	---       	Black=1      OK:         	White=7     	Black=7      Best:        	White=3     	Black=1} 1/2-1/2

[Event "Israel National League 2024"]
[Site "Israel"]
[Date "2024.03.08"]
[Round "11.9"]
[White "Grinberg, Eyal"]
[Black "Steinberg, Nitzan"]
[Result "1-0"]
[ECO "C66"]
[WhiteElo "2471"]
[BlackElo "2551"]
[Annotator "TA"]
[PlyCount "171"]
[EventDate "2024.01.07"]
[EventType "team-tourn"]
[EventCountry "ISR"]
[SourceTitle "playchess.com"]
[Source "ChessBase"]
[SourceQuality "1"]
[TimeControl "40/5400+30:1800+30"]

1. e4 e5 2. Nf3 Nc6 3. Bb5 Nf6 4. d3 d6 5. c3 g6 6. O-O Bg7 7. Re1 O-O 8. h3 Re8 9. Nbd2 a6 {[%emt 0:05:35] Weiß hat minimalen Vorteil.} 10. Ba4 b5 11. Bc2 Rb8 12. d4 exd4 13. cxd4 Nb4 14. Bb1 c5 15. d5 a5 16. Nf1 a4 17. Ng3 Nd7 {[%emt 0:02:52] Droht ...a3.} 18. a3 Na6 19. Bc2 Ne5 20. Rb1 c4 21. Nxe5 dxe5 22. Bd2 Bd7 23. Bc3 Nc5 24. Qd2 Qh4 25. Qe3 Rbc8 26. Rbd1 Bh6 27. Qf3 Bf8 28. Qe2 Bd6 29. Qd2 Rf8 30. Re2 Rce8 31. Rde1 Kh8 32. Nf1 Qe7 33. f4 f6 34. Nh2 Qg7 (34... exf4 $2 35. e5 Nb3 (35... Bxe5 $2 36. Rxe5 Qd6 37. Rxe8 $18) 36. exd6 Qxd6 37. Bxb3 Rxe2 38. Rxe2 $18 (38. Qxe2 Qc5+ 39. Kh1 Re8 $18)) 35. Nf3 Kg8 36. fxe5 fxe5 37. Rf1 h6 38. Ref2 g5 39. Nh2 Rxf2 40. Qxf2 Rf8 41. Qg3 Rxf1+ 42. Kxf1 Be8 43. Nf3 Nd7 44. Qg4 {[%emt 0:00:56] Qe6+ ist eine echte Drohung.} Kf8 (44... Qg6 $11) 45. h4 $1 $16 gxh4 46. Qe6 Qg6 47. Nxh4 {[%emt 0:01:09] Weiß hat aktiveres Spiel.} (47. Bxe5 $2 Qxe6 $19) 47... Qxe6 48. dxe6 Nf6 49. Nf5 Bc5 (49... Bb8 $16) 50. Bxe5 $18 (50. Nxh6 Ke7 $11) 50... Ng4 51. Bf4 (51. Bg7+ $18 Kg8 52. Bc3 (52. Nxh6+ $2 Kxg7 53. Nxg4 Bd4 $19) (52. Bxh6 Nxh6 53. Nxh6+ Kg7 $11)) 51... c3 $16 52. bxc3 {[%emt 0:01:13] Und jetzt Bd1 wäre schön.} (52. Nxh6 $6 Nxh6 53. Bxh6+ Ke7 $11) 52... Bxa3 53. Ke2 (53. Bxh6+ $6 Nxh6 54. Nxh6 Bb2 $11) 53... Bc5 54. Kf3 $1 (54. Nxh6 $6 Nxh6 55. Bxh6+ Ke7 $11) 54... Bh5 (54... h5 $16) 55. Kg3 $1 $18 {[%emt 0:00:51][%cal Og3h4] Kh4! wäre nun fies.} Bf2+ {[%emt 0:02:58] [#]} (55... a3 $142 56. Bb3 (56. Bxh6+ $2 Nxh6 57. Bb1 Nxf5+ 58. exf5 Ke7 $19) 56... Nf2) 56. Kh3 $1 Be1 57. e7+ (57. Bxh6+ Nxh6 58. Nxh6 Bxc3 $19) (57. Bd6+ Kg8 58. e5 Kh8 $18) (57. g3 $142 Nf6 (57... Bxc3 $2 58. Kh4 $18) 58. Bd6+ (58. Nxh6 Ke7 $18) (58. Bxh6+ Kg8 $18) 58... Kg8 59. Nxh6+ Kh8 60. g4) 57... Kf7 (57... Ke8 $142) 58. e8=Q+ (58. Bxh6 $2 Nxh6 (58... Bxc3 59. Kh4 $18) 59. Nd6+ Kxe7 60. Nxb5 Nf7 $19 (60... Bg4+ $2 61. Kh2 $19)) 58... Kxe8 59. Ng7+ (59. Bxh6 a3 (59... Bxc3 60. Nd6+ Kd7 61. Nxb5 $11) 60. Bb3 Nf2+ (60... Bxc3 61. Nd6+ Ke7 62. Nxb5 $11) (60... Nxh6 61. Ng7+ Kf8 62. Nxh5 $17) 61. Kh2 Bd1 $17 (61... Bxc3 62. Nd6+ Kd7 63. Nxb5 $11) (61... Ng4+ 62. Kg1 $17)) 59... Kd8 {[%emt 0:00:05][%cal Oa4a3] Weiss muss nun ...a3! beachten.} 60. Nxh5 Nf2+ {[%emt 0:00:00] [#]} 61. Kh2 $1 Ng4+ 62. Kg1 Bxc3 63. Kf1 Be5 (63... Kd7 $142 64. Bd1 a3) 64. Bd2 Kc7 65. Ke2 Kb6 66. Nf4 Bd4 67. Nd5+ Kc6 68. Bb4 Ne5 69. Kd2 Nc4+ 70. Kc1 Bb2+ 71. Kb1 {[%emt 0:00:06] Droht stark Bd3.} Bd4 72. Bd1 Kd7 (72... Bc5 $142 73. Bc3 Bf8) 73. Bg4+ Kc6 74. Bh5 Kd7 {[%emt 0:00:01] Verhindert Be8+.} 75. Be2 {[%emt 0:01:00] Zielt auf Nc3 ab.} Kc6 $2 (75... Nd6 {war einen Versuch wert.} 76. Bd3 (76. Bg4+ Kc6 $18) 76... h5) 76. Kc2 Ne3+ (76... Ne5 $142 77. Nc3 Bxc3 78. Kxc3 (78. Bxc3 Nf7 $18) 78... Kb6) 77. Nxe3 Bxe3 78. Bh5 Bc5 79. Kc3 (79. Be8+ $142 Kb6 80. Bxc5+ Kxc5 81. Kd3) 79... a3 80. Bf7 (80. Be8+ $142 Kb6 81. Bf7 Bf2 82. Bxa3 Be1+ 83. Kd3 Kc7 84. e5 Bh4 85. Be8) 80... h5 81. Bxc5 {[%emt 0:00:37] Weiß setzt Matt.} (81. Bxh5 Bxb4+ 82. Kb3 (82. Kxb4 $2 a2 $19) 82... Kd7 $11) 81... Kxc5 82. Bxh5 b4+ 83. Kb3 Kd4 84. Bg6 (84. Kxb4 a2 (84... Kxe4 85. Kxa3 Kf5 86. g4+ Kg5 87. Kb3 Kf6 88. Kc4 Ke6 89. g5) 85. Be8 a1=Q (85... a1=B 86. Bg6 $11) 86. Kb5 Qb1+ (86... Kxe4 87. Bd7 Kd5 88. Bc6+ Kd6 89. Be8 Qe5+ 90. Kc4 Qxe8 91. Kd4 Qe5+ 92. Kc4 Qe4+ 93. Kc3 Kc5 94. Kb3 Qe3+ 95. Kc2 Kc4 96. g4 Qc3+ 97. Kd1 Kd3 98. g5 Qd2#) 87. Kc6 Qxe4+ 88. Kd7 Qd5+ (88... Qxg2 89. Ke6 Qd5+ 90. Ke7 Ke5 91. Bd7 Qd6+ 92. Kf7 Qxd7+ 93. Kg6 Qe8+ 94. Kg7 Kf5 95. Kh7 Kf6 96. Kh6 Qh8#) 89. Ke7 Ke5 (89... Qxg2 90. Kf6 Qf3+ 91. Ke6 Qd5+ 92. Ke7 Ke5 93. Bd7 Qb7 94. Ke8 Kf6 95. Kd8 Qb6+ 96. Kc8 Ke7 97. Bf5 Kd6 98. Bh7 Qc7#) 90. g4 Qe6+ (90... Qd6+ 91. Kf7 Qe6+ 92. Kf8 Qxg4 93. Kf7 Qe6+ 94. Kg7 Qxe8 95. Kh6 Kf6 96. Kh7 Qg6+ 97. Kh8 Qg7#) 91. Kf8 Qxg4 92. Kf7 Qe6+ 93. Kg7 Qxe8 94. Kh6 Kf6 95. Kh7 Qg6+ 96. Kh8 Qg7#) 84... Ke5 85. Bf5 (85. Kxb4 a2 86. Bf7 a1=Q (86... a1=B 87. Bg6 $11) 87. Kb5 Qb1+ (87... Kxe4 88. Bg6+ Kd4 89. g4 Qf1+ 90. Kb6 Qf6+ 91. Kc7 Qxg6 92. Kd7 Kc5 93. Ke7 Kd5 94. Kd8 Qg7 95. Ke8 Kd6 96. Kd8 Qh8#) 88. Kc5 Qxe4 89. Bg8 Qxg2 90. Bb3 Qg4 91. Ba2 Qd4+ 92. Kb5 Qb2+ 93. Kc4 Qxa2+ 94. Kd3 Qb3+ 95. Ke2 Ke4 96. Kf2 Kf4 97. Kf1 Qc2 98. Ke1 Kg3 99. Kf1 Qf2#) 85... Kf4 86. g4 {[%emt 0:00:10] Gewichteter Fehlerwert: Weiß=0.11 (sehr präzise) /Schwarz=0.14 (sehr präzise) .  Fehler:       	Weiß=2     	Schwarz=9     Ungenau:       	Weiß=3     	Schwarz=2     OK:         	Weiß=26    	Schwarz=35    Bester:       	Weiß=5     	Schwarz=2     Stark:        	Weiß=4     	---} (86. Kxb4 a2 87. Be6 (87. g3+ $2 Ke5 $19) 87... a1=Q $19 (87... a1=B 88. Bf5 $11)) 1-0

[Event "Israel National League 2024"]
[Site "Israel"]
[Date "2024.03.08"]
[Round "11.10"]
[White "Mikhalevski, Victor"]
[Black "Mesropov, Konstantin"]
[Result "0-1"]
[ECO "A20"]
[WhiteElo "2524"]
[BlackElo "2440"]
[Annotator "TA"]
[PlyCount "128"]
[EventDate "2024.01.07"]
[EventType "team-tourn"]
[EventCountry "ISR"]
[SourceTitle "playchess.com"]
[Source "ChessBase"]
[SourceQuality "1"]
[TimeControl "40/5400+30:1800+30"]

1. c4 e5 2. g3 Nf6 3. Bg2 c6 4. Nf3 e4 5. Nd4 Qb6 6. Nb3 {[%emt 0:02:48] A20: English Opening: 1...e5.} a5 7. d3 a4 8. N3d2 Bc5 9. O-O e3 10. fxe3 Bxe3+ 11. Kh1 Ng4 12. Ne4 O-O 13. Nbc3 d5 14. cxd5 Bxc1 15. Qxc1 Ne3 16. dxc6 Nxc6 17. Rf4 f5 $146 ({Predecessor:} 17... Nxg2 18. Kxg2 Rd8 19. Ng5 f6 20. Nf3 Re8 21. Qd2 a3 22. Rb1 axb2 23. Rxb2 Qd8 {0-1 Brunello,S (2510)-Baenziger,F (2408) Mitropa Cup Apolda 2024 (6.6)}) 18. Ng5 Nxg2 19. Kxg2 Ne5 20. Nxa4 Qf6 21. Ne4 Qd8 22. Nf2 Ng6 23. Qc4+ Kh8 24. Rd4 Qe8 25. Nc3 Bd7 26. Rf1 Bc6+ 27. Kg1 Qe3 (27... Rc8 $11) 28. Rd6 $16 Ne5 29. Qd4 $2 {[%emt 0:00:55] [#]} (29. Qf4 $1 $16 {[%cal Rf4e3] is forced if you want to stay better.} Ng4 30. b4) 29... Qxe2 $1 $19 30. Nxe2 Nf3+ 31. Kg2 Nxd4+ 32. Rxc6 Nxc6 33. Nc3 Rad8 34. Rd1 Rf7 35. a3 Rfd7 36. Re1 Re7 37. Rd1 (37. Rxe7 $142 Nxe7 38. Kf3) 37... Kg8 $19 38. h4 Ne5 39. Re1 Kf8 40. Rf1 Rf7 (40... Nxd3 $2 41. Nxd3 Rxd3 42. Rxf5+ Kg8 43. Rb5 $19) 41. Rd1 Rfd7 42. Rf1 Kg8 (42... Nxd3 43. Nxd3 Rxd3 44. Rxf5+ Ke8 45. Rb5 $19) 43. Na4 Rd5 44. Nc3 R5d6 45. Na4 Rc6 (45... Nxd3 46. Nxd3 Rxd3 47. Rxf5) 46. Nc3 f4 (46... Nxd3 47. Nxd3 (47. Rd1 $2 Rcd6 $19) 47... Rxd3 48. Rxf5 $17) 47. gxf4 Rg6+ ({Don't do} 47... Nxd3 48. Nfe4) 48. Kh3 Nxd3 49. Nfe4 Nxb2 50. f5 (50. Ng3 $142) 50... Rc6 51. Rb1 Nc4 52. Rxb7 Nd6 (52... Nxa3 $2 53. Kg4 $19) 53. Re7 (53. Rb4 $142) 53... Nxf5 $19 54. Re5 Rd3+ 55. Kg4 Nh6+ 56. Kh5 (56. Kf4 $142) 56... Rdxc3 (56... Rcxc3 $142 57. Nxc3 Rxc3) 57. Nxc3 Rxc3 58. Ra5 {[%emt 0:00:02] [#]} Nf5 (58... Rc4 $142 $1 59. Ra8+ (59. Kg5 Rg4+) 59... Kf7 60. Ra7+ Kf6 61. Ra6+ Kf5 62. Ra5+ Kf4 63. Rg5 Nf7 (63... Rc7 {gets mated.} 64. Rb5 Rc4 65. Rg5 Nf7 66. Rg4+ Kf3 67. Rxg7 Rc5+ 68. Rg5 Nxg5 69. hxg5 Kf4 70. Kh6 Rxg5 71. a4 Kf5 72. a5 Kf6 73. a6 Ra5 74. Kxh7 Rxa6 75. Kh6 Ra4 76. Kh5 Rf4 77. Kh6 Rh4#) 64. Rg4+ Kf3 65. Rxg7 Rc5+ 66. Rg5 Nxg5 67. hxg5 Kf4 68. Kh6 Rxg5 69. a4 Kf5 (69... Ra5 {leads to mate.} 70. Kg7 Kf5 71. Kf7 Rxa4 72. Ke7 Rd4 73. Kf7 Re4 74. Kg7 Ke6 75. Kxh7 Kf6 76. Kg8 Rh4 77. Kf8 Rh8#) 70. a5 Kf6 71. a6 Ra5 72. Kxh7 Rxa6 73. Kg8 Ra8+ 74. Kh7 Rf8 75. Kh6 Rh8#) 59. Kg5 $19 Ne7 60. Ra7 Kf7 61. a4 Rc4 62. a5 h6+ 63. Kh5 Kf6 64. Ra6+ Nc6 0-1

[Event "Israel National League 2024"]
[Site "Israel"]
[Date "2024.03.08"]
[Round "11.11"]
[White "Shohat, Yotam"]
[Black "Kobo, Ori"]
[Result "1/2-1/2"]
[ECO "C60"]
[WhiteElo "2328"]
[BlackElo "2541"]
[Annotator "TA"]
[PlyCount "38"]
[EventDate "2024.01.07"]
[EventType "team-tourn"]
[EventCountry "ISR"]
[SourceTitle "playchess.com"]
[Source "ChessBase"]
[SourceQuality "1"]
[TimeControl "40/5400+30:1800+30"]

1. e4 e5 2. Nf3 Nc6 3. Bb5 a6 4. Ba4 d6 5. c3 Bd7 6. d4 Nf6 7. O-O g6 8. Re1 Bg7 9. h3 O-O 10. Nbd2 exd4 11. cxd4 Nb4 12. Bxd7 Qxd7 {[%emt 0:00:06] White has an edge.} 13. Nb1 c5 14. Nc3 (14. a3 $5 Nc6 $8 15. d5 $14) 14... cxd4 15. Nxd4 Rfe8 16. Bf4 Nh5 {[%emt 0:09:46] The position is equal.} 17. Be3 Nf6 18. Bf4 Nh5 19. Be3 Nf6 {[%emt 0:00:05] An uneventful encounter.   Weighted Error Value: White=0.08 (flawless) /Black=0.05 (flawless) .  Inaccurate:     	White=2     	---        OK:         	White=2     	Black=5      Best:        	---       	Black=1} 1/2-1/2

[Event "Israel National League 2024"]
[Site "Israel"]
[Date "2024.03.08"]
[Round "11.12"]
[White "Postny, Evgeny"]
[Black "Kochavi, Dana"]
[Result "1-0"]
[ECO "D38"]
[WhiteElo "2597"]
[BlackElo "2121"]
[Annotator "TA"]
[PlyCount "59"]
[EventDate "2024.01.07"]
[EventType "team-tourn"]
[EventCountry "ISR"]
[SourceTitle "playchess.com"]
[Source "ChessBase"]
[SourceQuality "1"]
[TimeControl "40/5400+30:1800+30"]

1. Nf3 Nf6 2. c4 e6 3. d4 d5 4. Bg5 Bb4+ 5. Nc3 h6 6. Bxf6 Qxf6 7. Qa4+ Nc6 8. e3 Bd7 9. Qb3 a5 10. a3 a4 {[%emt 0:02:09] White has an edge.} 11. Qc2 Bxc3+ 12. Qxc3 O-O 13. Bd3 dxc4 14. Bxc4 Rfc8 15. O-O Na5 16. Ne5 Be8 17. Ba2 c5 18. d5 (18. dxc5 b6 19. f4 Rxc5 $15) 18... Nb3 19. Bxb3 $16 axb3 20. d6 Bc6 21. f3 (21. Qxc5 $2 Bxg2 22. Qd4 Bxf1 23. Rxf1 Rc2 $19) 21... Rd8 22. Rfd1 (22. Qxc5 $6 Bd5 23. f4 Qf5 $11) 22... Ra6 23. e4 {[%emt 0:05:46] White is more active.} (23. Qxc5 $6 Bd5 24. f4 Rdxd6 $11) 23... Bd5 $2 {[%emt 0:01:15][%mdl 8192] [#] Black cannot hold the game after this.} 24. d7 $18 ({Don't play} 24. exd5 Raxd6 25. f4 Rxd5 26. Rxd5 (26. Qxb3 Qxf4 27. Nf3 Qc7 $18) 26... Rxd5 $18) 24... Bc6 25. Qxc5 Kh7 26. Rac1 Bxd7 $2 (26... Qg5 27. Nxf7 Qxc5+ 28. Rxc5 Rxd7 29. Rxd7 Bxd7) 27. Nxd7 {[%emt 0:03:51] White is clearly winning.} ({Stronger than} 27. Rxd7 Rxd7 28. Nxd7 Qxb2 29. Nf8+ Kg8 $11) 27... Rxd7 28. Rxd7 Rc6 29. Qe3 Qxb2 30. Rdd1 {[%emt 0:01:50] Weighted Error Value: White=0.08 (flawless) /Black=0.48.  Loses game:     	---       	Black=1      Mistake:       	---       	Black=2      Inaccurate:     	White=3     	Black=1      OK:         	White=11    	Black=10     Best:        	White=1     	---} 1-0

[Event "Israel National League 2024"]
[Site "Israel"]
[Date "2024.03.08"]
[Round "11.13"]
[White "Sokolovsky, Yahli"]
[Black "Kochavi, Ori"]
[Result "1-0"]
[ECO "B15"]
[WhiteElo "2436"]
[BlackElo "2428"]
[Annotator "TA"]
[PlyCount "79"]
[EventDate "2024.01.07"]
[EventType "team-tourn"]
[EventCountry "ISR"]
[SourceTitle "playchess.com"]
[Source "ChessBase"]
[SourceQuality "1"]
[TimeControl "40/5400+30:1800+30"]

1. e4 c6 2. d4 d5 3. Nd2 dxe4 4. Nxe4 Nf6 5. Nxf6+ exf6 6. c3 Bf5 7. Ne2 Bd6 8. Ng3 Bg6 9. Qe2+ Qe7 {[%emt 0:13:35] White has an edge.} 10. Qxe7+ Kxe7 11. Bd2 h5 12. O-O-O h4 13. Re1+ Kf8 14. Ne4 Bc7 15. Nc5 b6 16. Nd3 Bd6 17. Bf4 $36 {[%emt 0:03:26][%mdl 2048] White fights for an advantage.} Be7 18. Nb4 {[%emt 0:59:56] White is more active.} a5 $1 19. Nc2 Nd7 20. Ne3 a4 21. Be2 Be4 {[%emt 0:10:59] [#] ...g5 is the strong threat.} 22. Bg4 g5 23. Bc7 Ra7 24. Bxd7 Rxc7 25. Bf5 Bd5 26. Nxd5 cxd5 27. a3 Kg7 28. Re2 Rb8 29. Rhe1 Kf8 30. g3 {[%emt 0:00:00] White is clearly better.} Bd6 31. Kd2 Ra7 32. Kd3 Rd8 33. gxh4 gxh4 (33... Kg7 $16 34. h3 Raa8) 34. h3 $18 Bf4 35. Rg1 {[%emt 0:00:15] [#] Strongly threatening Bh7.} Re7 36. Rxe7 Kxe7 37. Rg4 Bc7 (37... Bc1 $142) 38. Rxh4 Rg8 39. Bg4 f5 40. Bf3 {[%emt 0:00:58] Weighted Error Value: White=0.04 (flawless) /Black=0.12 (very precise) .  Mistake:       	---       	Black=2      Inaccurate:     	White=1     	Black=2      OK:         	White=22    	Black=10     Best:        	White=1     	Black=3      Strong:       	---       	Black=1} 1-0